Unix NetHack Version 3.7.0-95 Work-in-progress - last build Jan 1 2024 20:51:50 (6a0ccc5fa2390e420dd2d488a2f9488d2ae3a63b,branch:master). Game began 2024-01-05 16:19:03, ended 2024-01-05 16:46:21. elenmirie, lawful female human Knight --------------- |.............| ----------- |.............| ----- |.......... |.............| |(..| |.........| |.............| |...|#####-..........# |.............| |.<.|# |.........|## -.--.---------- |....# ----------- # ##### --.-- # # ###### # # #### #### #### #### ## # ---.- # #--B-- -.---- |...| # #-[.u| |....-## |....##### #### |.M@| |....| # |...| # --------|----- |...| |.>..| ##### |(..| ##.............| |...| ------ ##|...| |............| |...| #----- |............| ----- ############.............| -------------- Elenmirie the Esquire St:16 Dx:12 Co:12 In:9 Wi:16 Ch:17 Lawful Dlvl:6 $:29 HP:0(30) Pw:24(24) AC:3 Xp:4/91 T:3282 Burdened Latest messages: Arod misses it. Arod misses it. You kill the jackal! Arod misses it. Arod misses it. You see here a ring mail. You hear some noises. You see here a jackal corpse. There is a jackal corpse here; eat it? [ynq] (n) y This jackal corpse is gamey. You hear the footsteps of a guard on patrol. You finish eating the jackal corpse. You see here a ring mail. The door resists! The door opens. Arod misses the gnome mummy. Arod bites the gnome mummy. The gnome mummy misses Arod. You miss the gnome mummy. The gnome mummy hits! Arod hits the gnome mummy. Arod bites the gnome mummy. The gnome mummy misses Arod. Arod hits the gnome mummy. Arod bites the gnome mummy. The giant bat bites! Arod misses the gnome mummy. Arod misses the gnome mummy. Arod hits the gnome mummy. Arod misses the gnome mummy. The gnome mummy misses Arod. The giant bat bites! The gnome mummy hits! Arod hits the gnome mummy. Arod misses the gnome mummy. The gnome mummy hits Arod. The giant bat misses! The giant bat bites! You hit the gnome mummy! The gnome mummy hits! You miss the gnome mummy. The gnome mummy hits! You hit the gnome mummy. The gnome mummy hits! You die... Do you want your possessions identified? [ynq] (y) y Do you want to see your attributes? [ynq] (y) y Do you want an account of creatures vanquished? [ynaq] (y) y Do you want to see your conduct and achievements? [ynq] (y) y Do you want to see the dungeon overview? [ynq] (y) y Inventory: Coins $ - 29 gold pieces Weapons a - an uncursed +1 long sword (weapon in right hand) b - an uncursed +1 lance (alternate weapon; not wielded) Armor d - a blessed +0 helmet (being worn) f - an uncursed +0 pair of leather gloves (being worn) r - an uncursed +0 small shield (being worn) A - an uncursed +0 dwarvish cloak (being worn) c - an uncursed +1 ring mail (being worn) Comestibles g - 7 uncursed apples h - 12 uncursed carrots J - an uncursed food ration Scrolls z - an uncursed scroll of confuse monster w - an uncursed scroll of create monster L - an uncursed scroll of enchant armor F - 2 uncursed scrolls of enchant weapon C - a cursed scroll of enchant weapon s - 2 uncursed scrolls of identify y - an uncursed scroll of light G - an uncursed scroll of punishment v - an uncursed scroll of scare monster j - a blessed scroll of teleportation Potions l - an uncursed potion of acid K - an uncursed potion of extra healing u - 2 uncursed potions of healing k - an uncursed potion of paralysis H - an uncursed potion of water Wands B - an uncursed wand of cold (0:4) I - an uncursed wand of create monster (0:11) E - an uncursed wand of slow monster (0:4) Tools x - an uncursed blindfold e - an uncursed skeleton key Elenmirie the Knight's attributes: Background: You were an Esquire, a level 4 female human Knight. You were lawful, on a mission for Lugh who was opposed by Brigit (neutral) and Manannan Mac Lir (chaotic). You were right-handed. You were in the Dungeons of Doom, on level 6. You entered the dungeon 3282 turns ago. You had 91 experience points, 69 more were needed to attain level 5. Basics: You had 0 out of 30 hit points. You had all 24 energy points (spell power). Your armor class was 3. Your wallet contained 29 zorkmids. Autopickup was on for '$' plus thrown. Final Characteristics: Your strength was 16 (limit:18/100). Your dexterity was 12 (limit:18). Your constitution was 12 (limit:18). Your intelligence was 9 (limit:18). Your wisdom was 16 (limit:18). Your charisma was 17 (limit:18). Final Status: You weren't hungry. You were burdened; movement was slightly slowed. You were wielding a long sword. You had basic skill with long sword. Final Attributes: You were piously aligned. Your items were somewhat protected from fire. Your items were somewhat protected from cold. You could jump. You were warded. You are dead. Miscellaneous: You encountered 1 bones level. Total elapsed playing time was 27 minutes and 17 seconds. Major events: Turn 1: elenmirie the lawful female human Knight entered the dungeon 1315: entered the Gnomish Mines 1906: attained the rank of Esquire (level 3) 3282: killed by a gnome mummy Vanquished creatures: a little dog a dwarf 2 iguanas a coyote a hobbit 4 manes a hobgoblin a giant rat 2 yellow molds a gnome zombie 5 geckos 5 jackals 2 foxes 4 goblins 6 grid bugs 5 lichens 2 kobold zombies 4 newts 48 creatures vanquished. No species were genocided or became extinct. Voluntary challenges: You read items or engraved 4 times. You never engraved Elbereth. You never genocided any monsters. You never polymorphed an object. You never changed form. You used no wishes. Achievements: You entered a shop. You entered the Gnomish Mines. You attained the rank of Esquire. The Dungeons of Doom: levels 1 to 6 Level 1: A fountain. Level 2: Level 3: A sink. Stairs down to The Gnomish Mines. Level 4: "book stash" Level 5: A sink. Level 6: <- You were here. Final resting place for you, killed by a gnome mummy. The Gnomish Mines: Level 4: A grave. Final resting place for elenmirie-Kni-Hum-Fem-Law, killed by an invisible gnome lord. Game over: ---------- / \ / REST \ / IN \ / PEACE \ / \ | elenmirie | | 29 Au | | killed by a | | gnome mummy | | | | | | 2024 | *| * * * | * _________)/\\_//(\/(/\)/\//\/|_)_______ Fare thee well elenmirie the Knight... You died in The Dungeons of Doom on dungeon level 6 with 651 points, and 29 pieces of gold, after 3282 moves. You were level 4 with a maximum of 30 hit points when you died.